 Dungeon Crawl Stone Soup version 0.24.0-37-gcf1ca852f1 (webtiles) character file.

Game seed: 7945106850566993072, levelgen mode: deterministic

5317 Curus the Cruncher (level 10, -9/67 HPs)
             Began as a Demonspawn Gladiator on Dec 4, 2019.
             Was a Believer of Okawaru.
             Hit by a large rock thrown by a cyclops (29 damage)
             ... created by the fury of Okawaru
             ... on level 10 of the Dungeon.
             The game lasted 00:33:12 (8596 turns).

Curus the Cruncher (Demonspawn Gladiator)           Turns: 8596, Time: 00:33:13

Health: -9/67      AC: 16    Str: 16    XL:     10   Next: 37%
Magic:  19/19      EV:  9    Int:  9    God:    Okawaru [**....]
Gold:   395        SH:  0    Dex: 17    Spells: 9/9 levels left

rFire    + + .     SeeInvis .   n - +3 quarterstaff (chaos)
rCold    . . .     Gourm    .   (shield currently unavailable)
rNeg     + . .     Faith    .   u - +0 plate armour
rPois    +         Spirit   .   c - +1 helmet
rElec    .         Reflect  .   B - +2 cloak "Fisemadgh" {rPois rF++ Regen+ Stlth-}
rCorr    .         Harm     .   w - +0 pair of gloves
MR       .....                  (no boots)
Stlth    ..........             v - amulet of rage
HPRegen  0.61/turn              z - ring of magical power
MPRegen  0.16/turn              (no ring)

@: no status effects
A: talons 1, demonic guardian 2, negative energy resistance 1, nightstalker 1,
sturdy frame 3
a: Heroism, Renounce Religion, Evoke Berserk Rage


You were on level 10 of the Dungeon.
You worshipped Okawaru.
Okawaru was pleased with you.
You were not hungry.

You visited 2 branches of the dungeon, and saw 11 of its levels.

You collected 485 gold pieces.
You spent 90 gold pieces at shops.

Inventory:

Hand Weapons
 a - a +1 quarterstaff
 n - a +3 quarterstaff of chaos (weapon)
Missiles
 d - 6 throwing nets (quivered)
Armour
 b - a +0 leather armour
 c - a +1 helmet (worn)
 i - a +0 chain mail
 o - a +0 cloak
 u - a +0 plate armour (worn)
 w - a +0 pair of gloves (worn)
 B - the +2 cloak "Fisemadgh" (worn) {rPois rF++ Regen+ Stlth-}
   (You found it on level 9 of the Dungeon)

   It greatly protects you from fire.
   It protects you from poison.
   It increases your rate of regeneration.
   It makes you less stealthy.
Jewellery
 g - an uncursed ring of ice
 v - an amulet of rage (around neck)
 z - a ring of magical power (left hand)
Wands
 A - a wand of acid (11)
Scrolls
 e - 3 scrolls of remove curse
 h - 5 scrolls of teleportation
 j - 6 scrolls of identify
 m - 2 scrolls of amnesia
 q - a scroll of fear
 y - a scroll of magic mapping
Potions
 l - 3 potions of curing
 p - 2 potions of haste
 r - a potion of agility
 s - a potion of might
 t - a potion of brilliance
 x - a potion of flight
Comestibles
 f - 17 rations


   Skills:
 - Level 2.0 Fighting
 + Level 13.8 Staves
 - Level 1.7 Throwing
 - Level 2.6 Dodging


You had 9 spell levels left.
You didn't know any spells.
Your spell library contained the following spells:

 Spells                   Type           Power        Failure   Level  Hunger
 Flame Tongue             Conj/Fire      #....        96%         1    ##.....
 Sting                    Conj/Pois      #...         96%         1    ##.....
 Poisonous Vapours        Pois/Air       #.....       99%         2    ###....
 Shroud of Golubria       Chrm/Tloc      #.....       99%         2    ###....
 Mephitic Cloud           Conj/Pois/Air  #.......     100%        3    ####...
 Cause Fear               Hex            #.........   100%        4    #####..
 Olgreb's Toxic Radiance  Pois           #.......     100%        4    #####..
 Agony                    Necr           #.......     100%        5    ######.
 Dispel Undead            Necr           #.......     100%        5    ######.
 Summon Forest            Summ/Tloc      #.........   100%        5    ######.
 Venom Bolt               Conj/Pois      #.........   100%        5    ######.
 Bolt of Fire             Conj/Fire      #.........   100%        6    #######
 Dragon Form              Tmut           #.........   100%        7    #######
 Dragon's Call            Summ           #.........   100%        9    #######


Dungeon Overview and Level Annotations

Branches:
Dungeon (10/15)            Temple (1/1) D:7
   Lair: D:8-11         Orc: D:9-12

Altars:
Ashenzari
Dithmenos
Elyvilon
Gozag
Makhleb
Nemelex Xobeh
Okawaru
Qazlal
Ru
Sif Muna
Uskayaw
Wu Jian
Xom
Yredelemnul
Zin
The Shining One

Annotations:
D:10 Psyche


Innate Abilities, Weirdness & Mutations

You have sharp toenails.
A demonic guardian rushes to your aid.
You resist negative energy. (rN+)
You are slightly more attuned to the shadows.
Your movements are significantly less encumbered by armour. (ER -6)


Message History

The splash of poison hits you but does no damage.
You resist.
You see here an adder corpse.
Your sixfirhy hits the naga.
Your sixfirhy shocks the naga!
The minotaur throws a javelin.
The javelin pierces through you!!
The javelin disappears in a puff of smoke!
The cyclops throws a large rock.
The large rock hits your sixfirhy!!
Your sixfirhy dies!
The large rock disappears in a puff of smoke!
Psyche points at you and mumbles some strange words.
The puff of flame hits you. You resist.
* * * LOW HITPOINT WARNING * * *
Psyche looks satisfied for a moment.
You barely miss Psyche.
A jackal comes into view.
The jackal barks!
You hit Psyche but do no damage.
Your surroundings suddenly seem different.
The cyclops throws a large rock.
The large rock hits you!!
You die...

##
#........######
#.............#
#.............##
#..............
#.............#
#...........[<#
......@.....).#
...........N).#
.########..C.N#
#....H##
#...NNN##
######@.# ##..#
##.# .h.


You could see a naga warrior, a cyclops and a naga.

Vanquished Creatures
  A stone giant (D:9)
  2 orc knights (D:9)
  A hornet (D:9)
  A hippogriff (D:9)
  Sigmund (D:2)
  A wyvern (D:9)
  Edmund (D:4)
  A warg (D:9)
  6 orc warriors
  A black bear (D:8)
  An ice beast (D:9)
  A slave (D:4)
  2 phantoms
  6 ogres
  3 centaurs
  A gnoll sergeant (D:8)
  Blork the orc (D:5)
  6 bullfrogs
  3 water moccasin skeletons
  A wyvern skeleton (D:8)
  An electric eel (D:6)
  4 crimson imps (D:6)
  A quasit (D:7)
  A bullfrog zombie (D:8)
  4 hounds
  3 iron imps (D:4)
  Crazy Yiuf (D:3)
  3 jellies
  2 bullfrog skeletons
  Terence (D:2)
  3 orc priests
  8 orc wizards
  6 worker ants
  2 hound skeletons
  9 gnolls
  7 adders
  A shadow imp (D:6)
  An ooze (D:4)
  An adder skeleton (D:6)
  3 adder zombies
  4 worms
  5 leopard geckos
  26 orcs
  2 ball pythons
  7 bats
  3 giant cockroaches
  13 goblins
  5 hobgoblins
  14 jackals
  7 kobolds
  5 quokkas
  5 frilled lizards
  A giant cockroach zombie (D:5)
  9 rats
209 creatures vanquished.

Vanquished Creatures (collateral kills)
  Pikel (D:4)
  Prince Ribbit (D:5)
  A hippogriff (D:8)
  An orc warrior (D:9)
  An ice beast (D:9)
  A phantom (D:4)
  2 sky beasts
  An orc priest (D:9)
  2 orc wizards
  A gnoll (D:8)
  An adder (D:10)
  A leopard gecko (D:5)
  6 orcs
  3 jackals (D:4)
23 creatures vanquished.

Vanquished Creatures (others)
  2 adders (D:4)
  3 jackals (D:4)
  A bush (D:6)
6 creatures vanquished.

Grand Total: 238 creatures vanquished

Notes
Turn   | Place    | Note
-------+----------+-------------------------------------------
     0 | D:1      | Curus the Demonspawn Gladiator began the quest for the Orb.
     0 | D:1      | Reached XP level 1. HP: 16/16 MP: 1/1
   114 | D:1      | Reached skill level 3 in Staves
   287 | D:1      | Gained mutation: A weak demonic guardian rushes to your
                  | aid. [demonic ancestry]
   287 | D:1      | Reached XP level 2. HP: 17/22 MP: 2/2
   680 | D:2      | Gained mutation: A demonic guardian rushes to your aid.
                  | [demonic ancestry]
   680 | D:2      | Reached XP level 3. HP: 20/27 MP: 3/3
   828 | D:2      | Reached skill level 4 in Staves
   877 | D:2      | Found a shimmering altar of Xom.
   962 | D:2      | Gained mutation: Your movements are slightly less
                  | encumbered by armour. (ER -2) [demonic ancestry]
   962 | D:2      | Reached XP level 4. HP: 5/33 MP: 4/4
  1409 | D:2      | Noticed Sigmund
  1419 | D:2      | Killed Sigmund
  1419 | D:2      | Reached skill level 6 in Staves
  1419 | D:2      | Gained mutation: Your movements are less encumbered by
                  | armour. (ER -4) [demonic ancestry]
  1419 | D:2      | Reached XP level 5. HP: 26/38 MP: 5/5
  1519 | D:2      | Noticed Terence
  1532 | D:2      | Killed Terence
  1532 | D:2      | Gained mutation: You are slightly more attuned to the
                  | shadows. [demonic ancestry]
  1532 | D:2      | Reached XP level 6. HP: 18/44 MP: 6/6
  2070 | D:3      | Found a runed translucent door.
  2071 | D:3      | Noticed Crazy Yiuf
  2537 | D:3      | Killed Crazy Yiuf
  2601 | D:4      | Noticed Edmund
  2607 | D:4      | Killed Edmund
  2607 | D:4      | Reached skill level 7 in Staves
  2698 | D:4      | Gained mutation: You have sharp toenails. [demonic
                  | ancestry]
  2698 | D:4      | Reached XP level 7. HP: 50/50 MP: 7/7
  2709 | D:4      | Noticed Pikel
  2729 | D:4      | Killed Pikel
  2729 | D:4      | Reached skill level 8 in Staves
  2959 | D:4      | Found a burning altar of Makhleb.
  2983 | D:4      | Reached skill level 9 in Staves
  2983 | D:4      | Gained mutation: Your movements are significantly less
                  | encumbered by armour. (ER -6) [demonic ancestry]
  2983 | D:4      | Reached XP level 8. HP: 46/56 MP: 8/8
  3086 | D:4      | Found a sacrificial altar of Ru.
  3544 | D:5      | Entered Level 5 of the Dungeon
  3636 | D:5      | You fall into a shaft and drop 2 floors!
  3742 | D:6      | Reached skill level 10 in Staves
  4355 | D:5      | Noticed Blork the orc
  4364 | D:5      | Killed Blork the orc
  4364 | D:5      | Reached skill level 11 in Staves
  4364 | D:5      | Gained mutation: You resist negative energy. (rN+) [demonic
                  | ancestry]
  4364 | D:5      | Reached XP level 9. HP: 47/61 MP: 9/9
  4376 | D:5      | Noticed Prince Ribbit
  4383 | D:5      | Killed Prince Ribbit
  5686 | D:7      | Found a basalt altar of Yredelemnul.
  5687 | D:7      | Reached skill level 12 in Staves
  5780 | D:7      | Found a staircase to the Ecumenical Temple.
  5793 | Temple   | Entered the Ecumenical Temple
  5890 | Temple   | Became a worshipper of Warmaster Okawaru
  6063 | D:7      | Found a white marble altar of Elyvilon.
  7352 | D:8      | Reached * piety under Okawaru
  7356 | D:8      | Found a hide-covered altar of Uskayaw.
  7623 | D:9      | Reached skill level 13 in Staves
  7654 | D:9      | Reached XP level 10. HP: 62/67 MP: 10/10
  7693 | D:9      | Got an ichor-stained cloak
  7707 | D:9      | Identified the +2 cloak "Fisemadgh" {rPois rF++ Regen+
                  | Stlth-} (You found it on level 9 of the Dungeon)
  7783 | D:9      | Reached ** piety under Okawaru
  7930 | D:9      | Was placed under penance by Okawaru
  7975 | D:9      | Identified the Reference Book on the Dark Compass
  8191 | D:9      | Noticed an orc knight
  8191 | D:9      | Noticed a stone giant
  8191 | D:9      | Noticed an orc knight
  8201 | D:9      | Killed an orc knight
  8208 | D:9      | Killed an orc knight
  8211 | D:9      | Killed a stone giant
  8310 | D:9      | Found Zin's Purification Station.
  8313 | D:9      | Found a glowing silver altar of Zin.
  8316 | D:9      | Bought a potion of curing for 90 gold pieces
  8568 | D:10     | Entered Level 10 of the Dungeon
  8588 | D:10     | Was forgiven by Okawaru
  8589 | D:10     | Noticed a minotaur
  8589 | D:10     | Noticed a naga warrior
  8589 | D:10     | Noticed a cyclops
  8589 | D:10     | Noticed Psyche
  8596 | D:10     | Hit by a large rock thrown by a cyclops

Levels and vault maps discovered:
D:1:      eino_arrival_druids_welcome, layout_loops_ring
D:2:      layout_basic, overflow_temple_1_default, minmay_split_cup_small,
          uniq_terence, uniq_sigmund
D:3:      layout_basic, minmay_ruptured, uniq_crazy_yiuf_cottage
D:4:      layout_basic, demons_altar, first_ration,
          nicolae_ru_the_path_less_chosen, uniq_edmund, uniq_pikel
D:5:      layout_gridville, gup_sewer_entry_bowl, uniq_prince_ribbit1,
          uniq_blork_the_orc
D:6:      layout_loops_corners, kennysheep_cross_room, kb_lookout_dungeons_type
D:7:      layout_loops_ring, yredelemnul_altar_generic,
          overflow_temple_1_default, minmay_temple_entry_water_ring
D:8:      layout_gridville, eat_drink_and_be_merry_uskayaw
D:9:      layout_stronghold, zin_purify
D:10:     layout_rooms, orc_david_3, uniq_psyche
Temple:   regret_index_temple_generic_petals

Skill      XL: |  1  2  3  4  5  6  7  8  9 |
---------------+----------------------------+-----
Staves         | 3 4 6 7 9 11 13 | 13.8
Fighting       | |  2.0
Throwing       | |  1.7
Dodging        | |  2.6

Action                   |  1- 3 |  4- 6 |  7- 9 | 10-12 || total
-------------------------+-------+-------+-------+-------++-------
Melee: Quarterstaff      |    88 |   131 |   335 |   138 ||   692
       Kick              |       |       |   120 |    48 ||   168
Throw: Throwing net      |     1 |     1 |       |       ||     2
Evoke: Wand              |       |       |       |     2 ||     2
  Use: Scroll            |     7 |     1 |     5 |     2 ||    15
       Potion            |     2 |     3 |     7 |     1 ||    13
 Stab: Sleeping          |     2 |       |       |       ||     2
       Held in net/web   |       |     1 |       |       ||     1
       Paralysed         |       |       |     6 |     2 ||     8
       Petrifying        |       |       |     1 |       ||     1
       Distracted        |       |       |     1 |       ||     1
       Confused          |       |       |     1 |       ||     1
  Eat: Chunk             |       |     6 |    16 |     1 ||    23
       Ration            |       |       |       |     1 ||     1
Armor: Leather armour    |    19 |     8 |       |       ||    27
       Chain mail        |       |    35 |    24 |       ||    59
       Plate armour      |       |       |   103 |    45 ||   148
Dodge: Dodged            |    58 |    64 |    97 |    53 ||   272
